 Dungeon Crawl Stone Soup version 0.31.0-11-ge490571c62 (webtiles) character file.

Game seed: 14051920908418533180

51 hawla the Conjurer (level 3, 0/19 HPs)
             Began as a Deep Elf Conjurer on Feb 1, 2024.
             Slain by a giant cockroach (1 damage)
             ... on level 2 of the Dungeon.
             The game lasted 00:03:48 (1080 turns).

hawla the Conjurer (Deep Elf Conjurer)              Turns: 1080, Time: 00:03:48

Health: 0/19       AC:  2    Str:  6    XL:     3   Next: 57%
Magic:  6/10       EV: 13    Int: 22    God:
Gold:   46         SH:  0    Dex: 13    Spells: 7/10 levels left

rFire   . . .        (no weapon)
rCold   . . .        (no shield)
rNeg    . . .        a - +0 robe
rPois   .            (no helmet)
rElec   .            (no cloak)
rCorr   .            (no gloves)
SInv    .            (no boots)
Will    .....        (no amulet)
Stlth   ++           (no ring)
HPRegen 0.23/turn    (no ring)
MPRegen 0.12/turn

%: no passive effects
@: slowed, very slow
A: no striking features
a: no special abilities


You were on level 2 of the Dungeon.
You visited 1 branch of the dungeon, and saw 2 of its levels.

You collected 46 gold pieces.

Inventory:

Missiles
 j - a throwing net
Armour
 a - a +0 robe (worn)
Scrolls
 c - 2 scrolls of fog
Potions
 e - a potion of mutation {unknown}
 g - a potion of heal wounds {unknown}
 h - a potion of cancellation {unknown}
 i - a potion of curing {unknown}


   Skills:
 + Level 3.3 Dodging
 - Level 2.4 Stealth
 - Level 4.0 Spellcasting
 - Level 5.0 Conjurations


You had 7 spell levels left.
You knew the following spells:

 Your Spells              Type           Power      Damage    Failure   Level
a - Magic Dart            Conj           100%       1d8       1%          1
b - Searing Ray           Conj           52%        2d6       2%          2

Your spell library contained the following spells:

 Spells                   Type           Power      Damage    Failure   Level
 Sandblast                Erth           8%         2d5       11%         1
 Stone Arrow              Conj/Erth      30%        3d8       12%         3
 Passwall                 Erth           4%         N/A       32%         3
 Brom's Barrelling Bould  Conj/Erth      15%        2d4       36%         4
 Fulminant Prism          Conj/Alch      7%         3d7       36%         4
 Iskenderun's Mystic Bla  Conj/Tloc      15%        2d5       36%         4


Dungeon Overview and Level Annotations

Branches:
Dungeon (2/15)

Altars:


Message History

Natasha casts a spell.
The searing ray hits Natasha.
Natasha is heavily wounded.
The cerulean imp hits you from afar with a +2 spear.
A jackal comes into view.
Natasha wildly gestures.
Natasha glows brightly for a moment.
Natasha completely misses you.
The cerulean imp hits you with a +2 spear.
* * * LOW HITPOINT WARNING * * *
The cerulean imp closely misses you.
Casting: Searing Ray (safe; 2% risk of failure)
Confirm with . or Enter, or press ? or * to list all spells.
You don't know that spell.
The searing ray hits Natasha!
You kill Natasha!
Natasha screams in pain as she dies!
The cerulean imp disappears in a puff of smoke! x2
The giant cockroach barely misses you. x2
The endoplasm freezes you.
You are frozen.
* * * LOW HITPOINT WARNING * * *
Training target 5.0 for Conjurations reached!
Your Conjurations skill increases to level 5!
You need to enable at least one skill for training.
Your Dodging skill increases to level 3!
You have reached level 3!
Your experience leads to an increase in your attributes!
Increase (S)trength, (I)ntelligence, or (D)exterity?
You feel stronger. x2
The giant cockroach attacks as it pursues you!
The giant cockroach closely misses you.
The endoplasm attacks as it pursues you!
The endoplasm barely misses you. The giant cockroach bites you.
* * * LOW HITPOINT WARNING * * *
As you read the scroll labelled KAOSAR XAGO, it crumbles to dust.
The creatures around you are filled with an inner flame!
It was a scroll of immolation.
The giant cockroach bites you.
You die...

#.. #.# ... #.#
# #.#.#
#######.#.#####
...............
#@###.# #BJ...#
#hh#### #.#
#..# ... .....
##.## .#......
... #.##.###.#
# ... . .# .#
#. #.#.# .# .


You could see an endoplasm (inner flame), 2 jackals and a giant cockroach (inner
flame).

Vanquished Creatures
  Natasha (D:2)
  5 endoplasms
  2 giant cockroaches (D:1)
  2 goblins (D:1)
  3 hobgoblins (D:1)
  2 quokkas (D:1)
  3 ball pythons (D:1)
  3 bats
  2 rats (D:1)
23 creatures vanquished.

Notes
Turn   | Place    | Note
-------+----------+-------------------------------------------
     0 | D:1      | hawla the Deep Elf Conjurer began the quest for the Orb.
     0 | D:1      | Reached XP level 1. HP: 10/10 MP: 6/6
   246 | D:1      | Reached XP level 2. HP: 15/15 MP: 7/9
   252 | D:1      | Learned a level 2 spell: Searing Ray
  1073 | D:2      | Noticed Natasha
  1077 | D:2      | Killed Natasha
  1078 | D:2      | Reached skill level 5 in Conjurations
  1078 | D:2      | Reached XP level 3. HP: 1/19 MP: 6/10
  1080 | D:2      | Slain by a giant cockroach

Illustrated notes

Levels and vault maps discovered:
D:1:      tarquinn_simple_flora_water_f, layout_loops_ring,
          minmay_misc_feat_doors
D:2:      layout_loops_ring, serial_glass, glass_columns_b, glass_columns_a,
          uniq_natasha, uniq_sigmund

Skill      XL: |  1  2 |
---------------+-------+-----
Spellcasting   | 4 |  4.0
Conjurations   | 5 |  5.0
Dodging        | 3 |  3.3
Stealth        | |  2.4

Action                     || total
---------------------------++-------
   Cast: Magic Dart        ||    21
         Searing Ray       ||    12
    Use: Scroll            ||     3
         Potion            ||     1
 Armour: Robe              ||     5
  Dodge: Dodged            ||     9
